Map: Oxide LE

Players

Dream - Winner!

  • Race: Terran Terran
  • League: Master
  • Spawn Location: 1:00

Zoun

  • Race: Protoss Protoss
  • League: Master
  • Spawn Location: 7:00

VOD

Have the link to the VOD?

Description

Time

  • Played on: Jan. 6, 2021, 3:34 a.m.
  • Length: 13:01
Show
View Real Time Build Order
Export as new Build Order

Dream Terran - Winner!

Build Orders:  

Get SALT Encoding   

  12  0:00  SCV  
  13  0:12  SCV  
  14  0:16  Supply Depot  
  14  0:24  SCV  
  15  0:38  SCV  
  15  0:40  Barracks  
  16  0:44  Refinery  
  16  0:50  SCV  
  17  1:02  SCV  
  18  1:14  SCV  
  19  1:27  Orbital Command, Marine  
  20  1:40  Command Center  
  20  1:45  Barracks Reactor  
  20  1:52  Barracks  
  21  1:54  SCV  
  21  2:05  Supply Depot  
  21  2:06  SCV  
  22  2:18  SCV  
  23  2:26  Marine x2  
  25  2:30  SCV  
  26  2:37  Command Center  
  26  2:40  Barracks Tech Lab  
  26  2:43  SCV  
  27  2:44  Marine x2  
  29  2:52  Orbital Command  
  29  2:55  SCV  
  30  2:58  Stimpack  
  30  3:03  Marine x2  
  32  3:07  SCV  
  32  3:08  Marine  
  34  3:18  SCV  
  34  3:19  SCV  
  36  3:21  Marine x2  
  36  3:26  Marine  
  39  3:28  Engineering Bay  
  39  3:30  SCV  
  39  3:31  SCV  
  41  3:38  Marine  
  41  3:39  Marine  
  43  3:42  SCV, Refinery  
  43  3:43  SCV  
  43  3:44  Supply Depot  
  43  3:47  Marine  
  46  3:49  Orbital Command  
  46  3:55  Terran Infantry Weapons Level 1  
  46  3:56  SCV, Marine x2  
  46  3:58  SCV  
  49  4:04  Missile Turret  
  49  4:08  Marine  
  50  4:11  Factory  
  50  4:14  SCV, Marine x2  
  50  4:16  SCV  
  54  4:17  SCV  
  55  4:25  Missile Turret  
  55  4:26  Marine  
  55  4:30  SCV x2  
  58  4:32  Marine x2  
  58  4:38  Combat Shield  
  60  4:39  Refinery, Bunker  
  60  4:44  SCV  
  60  4:45  Marauder  
  60  4:50  SCV x2, Marine x2  
  59  4:56  SCV  
  59  4:58  Starport, Factory Reactor  
  55  5:02  SCV  
  55  5:03  SCV  
  55  5:04  Barracks  
  57  5:07  Marine  
  57  5:08  Marine  
  57  5:09  SCV  
  57  5:12  Refinery  
  62  5:14  Marauder  
  62  5:15  SCV x2  
  62  5:20  Supply Depot  
  62  5:21  SCV  
  65  5:25  Marine x2  
  65  5:27  SCV, Supply Depot  
  65  5:28  SCV  
  69  5:39  Barracks  
  69  5:42  Barracks, SCV x2, Medivac, Marauder  
  75  5:43  Medivac  
  75  5:48  Orbital Command, Marine x2  
  75  5:49  Terran Infantry Armor Level 1  
  79  5:52  Barracks Tech Lab  
  79  5:53  Factory Reactor  
  79  5:57  SCV x2, Concussive Shells  
  79  5:58  Supply Depot  
  79  6:04  Marauder, Supply Depot  
  83  6:06  Marine x2  
  83  6:11  Supply Depot  
  85  6:20  SCV x2, Medivac  
  85  6:21  SCV  
  85  6:23  Medivac  
  85  6:24  Marauder  
  93  6:26  Marauder  
  93  6:27  Marine x2  
  93  6:28  Barracks Reactor  
  93  6:30  Barracks Tech Lab  
  93  6:32  SCV  
  98  6:33  Supply Depot  
  98  6:35  SCV x2  
  100  6:44  Supply Depot  
  100  6:45  SCV, Marauder  
  100  6:46  Marine  
  100  6:47  SCV, Marauder, Marine  
  102  6:51  Widow Mine  
  102  6:54  Supply Depot  
  108  6:55  Widow Mine  
  108  6:56  Supply Depot  
  108  6:57  SCV, Marauder  
  108  6:59  SCV  
  115  7:08  Marauder  
  115  7:09  Marine, Marauder  
  115  7:10  SCV x2, Marine  
  115  7:16  SCV  
  110  7:24  Marine, Marauder  
  110  7:26  SCV x2  
  111  7:30  Marauder  
  111  7:31  Widow Mine x2  
  111  7:34  Medivac  
  111  7:35  Medivac  
  119  7:40  Marauder, Marine x2  
  119  7:41  Marine  
  119  7:42  Marine  
  119  7:44  SCV x3  
  126  7:45  Marauder  
  129  7:53  Marauder  
  129  7:56  SCV x2, Widow Mine x2, Supply Depot  
  137  7:58  Marine x2  
  137  7:59  SCV  
  137  8:03  Marauder  
  139  8:08  SCV  
  139  8:09  Marauder  
  125  8:13  Marine x2  
  125  8:14  Marauder  
  125  8:18  SCV x2  
  108  8:21  Marine  
  108  8:24  Marauder  
  108  8:25  SCV  
  108  8:26  Viking x2  
  103  8:27  Widow Mine x2  
  103  8:28  Marine  
  103  8:30  SCV, Marauder  
  103  8:31  Marine x2  
  111  8:35  Marauder  
  111  8:39  Marine  
  114  8:42  Orbital Command  
  114  8:46  Marine, Marauder  
  119  8:48  Widow Mine, Marine  
  119  8:49  Widow Mine, Marine  
  119  8:52  Marauder  
  123  8:56  Viking x2  
  123  8:57  Marine, Marauder  
  129  9:04  Marine  
  129  9:05  SCV x2  
  129  9:06  Marine  
  129  9:07  Marauder  
  121  9:13  Marauder  
  106  9:17  Marine x2  
  106  9:18  Marauder  
  106  9:19  SCV  
  106  9:20  SCV  
  98  9:24  Orbital Command  
  98  9:25  Widow Mine  
  98  9:26  Widow Mine  
  98  9:29  Marauder  
  101  9:31  SCV  
  101  9:34  Marauder, Marine  
  101  9:36  Marine x3  
  101  9:40  SCV, Marauder  
  100  9:47  Medivac  
  100  9:49  Marine  
  103  9:53  Marine  
  103  9:56  Marauder  
  85  10:00  Medivac, Marine x3  
  107  10:01  Marauder  
  107  10:06  Widow Mine x2  
  117  10:12  Marine, Marauder  
  120  10:17  Marine, Marauder  
  120  10:20  Marine x2  
  125  10:26  Medivac  
  125  10:27  Marauder  
  127  10:29  Medivac  
  127  10:31  Engineering Bay  
  127  10:32  Armory  
  127  10:34  Marauder, Marine  
  132  10:35  Marine  
  132  10:39  Marauder  
  132  10:40  Command Center  
  132  10:41  Widow Mine x2  
  139  10:42  Marine  
  139  10:43  Marine  
  139  10:47  Supply Depot  
  139  10:48  Supply Depot  
  139  10:49  Marauder, Supply Depot  
  143  10:52  Marine  
  143  10:53  Marine  
  143  10:55  Marauder  
  146  11:05  Marauder, Supply Depot  
  146  11:09  Ghost Academy  
  146  11:10  Refinery, Marauder  
  150  11:11  Refinery  
  150  11:15  Marine x2  
  150  11:16  Marine x2  
  154  11:19  Marauder  
  153  11:27  SCV x3  
  156  11:38  Marauder x2, Marine x3  
  162  11:54  Ghost, Widow Mine x2  
  165  11:58  Ghost  
  165  11:59  Ghost, Marine x2  
  171  12:10  Marine x2  
  171  12:15  Widow Mine x2  
  159  12:18  Marine  
  159  12:22  Marine  
  139  12:23  Ghost  
  139  12:27  Ghost  
  139  12:28  Marine, Marauder  
  137  12:30  Medivac x2  
  137  12:33  SCV  
  137  12:34  SCV  
  143  12:38  SCV  
Show
View Real Time Build Order
Export as new Build Order

Zoun Protoss 

Build Orders: 1 Gate Expand, Blink Stalkers, Colossus Rush 

Get SALT Encoding   

  12  0:00  Probe  
  13  0:12  Probe  
  14  0:16  Pylon  
  14  0:24  Probe (Chrono Boost)  
  16  0:36  Gateway, Probe (Chrono Boost)  
  16  0:41  Probe (Chrono Boost)  
  17  0:45  Assimilator  
  17  0:50  Probe  
  18  1:03  Probe  
  19  1:15  Probe  
  20  1:23  Cybernetics Core  
  20  1:32  Nexus  
  20  1:34  Probe  
  21  1:43  Pylon  
  21  1:46  Probe  
  22  1:49  Assimilator  
  22  1:58  Probe, Adept (Chrono Boost)  
  25  2:06  Shield Battery  
  25  2:09  Warp Gate  
  25  2:11  Probe  
  26  2:22  Stalker  
  28  2:23  Probe  
  29  2:34  Twilight Council  
  29  2:35  Probe (Chrono Boost)  
  30  2:44  Probe (Chrono Boost)  
  31  2:47  Probe (Chrono Boost)  
  32  2:53  Probe (Chrono Boost)  
  32  2:54  Probe (Chrono Boost)  
  34  2:58  Probe (Chrono Boost)  
  34  3:01  Probe  
  34  3:02  Gateway  
  36  3:08  Blink (Chrono Boost)  
  36  3:10  Probe (Chrono Boost)  
  37  3:17  Stalker  
  40  3:20  Probe (Chrono Boost)  
  40  3:22  Probe (Chrono Boost)  
  40  3:25  Pylon  
  41  3:29  Probe (Chrono Boost)  
  41  3:30  Probe (Chrono Boost)  
  43  3:34  Robotics Facility  
  43  3:36  Probe  
  43  3:40  Probe  
  45  3:42  Assimilator  
  45  3:48  Probe  
  45  3:52  Probe  
  47  3:58  Stalker x2, Pylon  
  51  4:03  Probe  
  51  4:04  Probe  
  53  4:15  Nexus  
  53  4:19  Probe  
  53  4:20  Probe  
  53  4:21  Observer  
  53  4:22  Stalker  
  58  4:25  Pylon  
  58  4:33  Stalker  
  58  4:35  Probe x2  
  54  4:46  Stalker  
  53  4:54  Probe  
  53  4:56  Warp Prism  
  53  5:00  Probe  
  53  5:03  Observer  
  53  5:06  Probe  
  55  5:08  Stalker x2  
  55  5:09  Robotics Bay  
  55  5:10  Observer  
  55  5:11  Nexus  
  55  5:12  Probe  
  55  5:13  Pylon  
  60  5:18  Probe  
  61  5:24  Probe  
  61  5:27  Charge, Pylon  
  62  5:30  Pylon  
  62  5:31  Probe  
  63  5:38  Probe, Gateway  
  63  5:39  Gateway  
  64  5:43  Probe  
  64  5:46  Stalker x2  
  69  5:50  Probe  
  69  5:53  Colossus (Chrono Boost)  
  76  6:04  Gateway x2  
  76  6:12  Stalker x2  
  80  6:22  Extended Thermal Lance (Chrono Boost)  
  80  6:27  Probe x2  
  80  6:29  Gateway  
  80  6:30  Gateway  
  80  6:31  Probe  
  83  6:39  Probe  
  84  6:43  Colossus (Chrono Boost)  
  90  6:48  Zealot  
  90  6:49  Zealot x3  
  90  6:52  Pylon  
  90  6:53  Probe  
  99  7:07  Zealot x2  
  89  7:24  Warp Prism (Chrono Boost)  
  89  7:26  Observer  
  89  7:28  Gateway  
  89  7:29  Sentry, Zealot x6  
  103  7:30  Zealot, Gateway  
  103  7:35  Shield Battery  
  103  7:36  Shield Battery  
  103  7:37  Observer  
  101  7:38  Pylon  
  101  7:39  Pylon  
  97  7:45  Pylon  
  97  7:50  Stalker x5  
  107  7:55  Zealot  
  109  8:00  Zealot x2  
  93  8:14  Observer  
  93  8:17  Zealot  
  93  8:18  Zealot x5  
  93  8:22  Warp Prism (Chrono Boost)  
  91  8:27  Stalker x3  
  91  8:28  Stalker  
  99  8:39  Zealot x6  
  111  8:51  Zealot  
  111  8:52  Zealot x3  
  109  9:11  Zealot x3  
  109  9:12  Zealot x5  
  105  9:17  Zealot x2  
  97  9:24  Observer  
  97  9:29  Colossus (Chrono Boost)  
  89  9:33  Zealot x4  
  89  9:34  Zealot x2  
  75  9:44  Stalker x8  
  81  9:48  Shield Battery  
  81  10:03  Sentry x2  
  81  10:05  Observer  
  85  10:07  Forge  
  85  10:09  Colossus (Chrono Boost), Forge  
  91  10:16  Sentry  
  91  10:18  Nexus  
  91  10:24  Zealot x4  
  99  10:35  Stalker x2  
  99  10:36  Stalker, Zealot  
  99  10:39  Protoss Ground Weapons Level 1 (Chrono Boost)  
  106  10:51  Protoss Ground Armor Level 1 (Chrono Boost)  
  106  11:06  Zealot x7  
  118  11:12  Probe x3  
  121  11:19  Stalker x3, Observer  
  121  11:25  Probe x3  
  130  11:27  Stalker  
  132  11:35  Assimilator  
  132  11:36  Assimilator  
  132  11:39  Zealot x6  
  140  11:55  Pylon x2  
  140  11:56  Pylon  
  126  12:12  Stalker  
  126  12:13  Stalker  
  126  12:14  Stalker x3  
  89  12:24  Probe x2  
  89  12:28  Probe  
  86  12:36  Probe, Pylon  
  87  12:37  Stalker x2  
  87  12:38  Pylon  
Tags
 
Composition
Blink Stalkers
Matchup
PvT
Player
DreamZoun
Spawn Locations
Cross Positions
Add a new tag
Caveats
  • Supply blocks, unpowered buildings, or Contaminate may cause inaccurate times.
  • Supply counts are checked every 10 seconds.